 Dungeon Crawl Stone Soup version 0.29.1-2-gbd0b4ee654 (webtiles) character file.

Game seed: 9807720540624700255

338 Descartes the Magician (level 6, -4/51 HPs)
             Began as a Deep Elf Wanderer on Nov 2, 2022.
             Shot with a bolt by an orc warrior (9 damage)
             ... on level 6 of the Dungeon.
             The game lasted 00:08:21 (4263 turns).

Descartes the Magician (Deep Elf Wanderer)          Turns: 4263, Time: 00:08:22

Health: -4/51      AC: 23    Str:  8    XL:     6   Next: 29%
Magic:  7/15       EV:  2    Int: 20    God:
Gold:   69         SH:  0    Dex: 14    Spells: 9/14 levels left

rFire   . . .      SeeInvis .   a - +2 falchion
rCold   . . .      Faith    .   (no shield)
rNeg    . . .      Spirit   .   (body armour currently unavailable)
rPois   +          Reflect  .   (helmet currently unavailable)
rElec   .          Harm     .   (cloak currently unavailable)
rCorr   .          Rampage  .   (gloves currently unavailable)
Will    .....      NoTele   +   (boots currently unavailable)
Stlth   +.........              (no amulet)
HPRegen 0.17/turn               (no ring)
MPRegen 0.14/turn               (no ring)

@: tree-form
A: stationary, stasis, torment immunity, boosted hp
a: no special abilities


You were on level 6 of the Dungeon.
You were a tree.
You visited 1 branch of the dungeon, and saw 4 of its levels.

You collected 69 gold pieces.

Inventory:

Hand Weapons
 a - a +2 falchion (weapon)
 c - a +0 dagger
Missiles
 b - 13 poisoned darts (quivered)
Armour
 e - a +0 robe (melded)
 h - a +0 pair of boots (melded)
Wands
 n - a wand of flame (7)
Scrolls
 i - 2 scrolls of identify {unknown}
 j - a scroll of poison {unknown}
 m - 2 scrolls of teleportation {unknown}
 o - a scroll of vulnerability {unknown}
Potions
 d - a potion of attraction
 g - a potion of degeneration {unknown}
 k - a potion of mutation {unknown}
 l - 2 potions of curing {unknown}
 p - a potion of heal wounds {unknown}


   Skills:
 - Level 1.5 Fighting
 - Level 1.7 Long Blades
 - Level 3.0 Throwing
 + Level 4.9 Spellcasting
 + Level 3.7 Conjurations
 + Level 4.4 Ice Magic
 + Level 1.1 Earth Magic


You had 9 spell levels left.
You knew the following spells:

 Your Spells              Type           Power      Damage    Failure   Level
a - Freeze                Ice            88%        1d10      1%          1
b - Sandblast             Erth           18%        2d7       7%          1
c - Frozen Ramparts       Ice            44%        1d7       5%          3

Your spell library contained the following spells:

 Spells                   Type           Power      Damage    Failure   Level
 Stone Arrow              Conj/Erth      28%        3d8       13%         3
 Passwall                 Tmut/Erth      5%         N/A       14%         2


Dungeon Overview and Level Annotations

Branches:
Dungeon (3/15)

Altars:

Shops:
D:1 (

Annotations:
D:3 Grinder


Message History

You kill the orc!
The orc shouts!
You hear a shout!
The orc warrior unwields a +0 flail.
The orc warrior wields a +0 arbalest.
The orc warrior shoots a bolt.
The bolt hits you!!
Ouch! That really hurt!
Your frozen ramparts will break if you move.
Continue?
Okay, then.
Your frozen ramparts will break if you move.
Continue?
The frozen ramparts melt away as you move.
Things that are here:
a +0 flail; a +0 ring mail; an orc corpse
Items here: )) [[ †.
Things that are here:
a +0 flail; a +0 ring mail
Casting: Freeze (safe; 1% risk of failure)
Confirm with . or Enter, or press ? or * to list all spells.
You can't see any susceptible monsters within range! (Use Z to cast anyway.)
Casting: Freeze (safe; 1% risk of failure)
Confirm with . or Enter, or press ? or * to list all spells.
Aiming: Freeze (safe; 1% risk of failure)
Press: ? - help, Shift-Dir - straight line, f - orc
Aim: an orc, wielding a +0 falchion and wearing a +0 leather armour You freeze the orc.
The orc is lightly wounded.
The orc hits you with a +0 falchion.
Casting: Freeze (safe; 1% risk of failure)
Confirm with . or Enter, or press ? or * to list all spells.
Aiming: Freeze (safe; 1% risk of failure)
Press: ? - help, Shift-Dir - straight line, f/p - orc
Aim: an orc, wielding a +0 falchion and wearing a +0 leather armour (lightly wounded)
You freeze the orc!
You kill the orc!
The orc warrior shoots a bolt.
The bolt hits you!
* * * LOW HITPOINT WARNING * * *
You hear a shout! x2
It was a potion of lignification.
You turn into a tree.
Your +0 pair of boots melds into your body.
Your +0 robe melds into your body.
Your roots penetrate the ground.
The orc warrior shoots a bolt.
The bolt hits you!
You die...

#.## #.# #......##
#.###.......#
#.##........#
#.##........##
##.#..........#
#..#..........#
#..#.........#
#♣##.........#
#)##.........#
##)).........##
##.)..........#
###.o#.........##
####....###.......#
#### ###.......#
####....#
...####....##...#
####.#
........######..#
###


You could see an orc warrior.

Vanquished Creatures
  Sigmund (D:2)
  A scorpion (D:6)
  A hound (D:6)
  A worm (D:2)
  3 dart slugs (D:1)
  11 orcs (D:6)
  2 ball pythons
  3 endoplasms
  3 giant cockroaches (D:1)
  6 goblins
  6 hobgoblins
  4 jackals
  5 kobolds
  4 quokkas
  7 bats
  2 frilled lizards
  8 rats
68 creatures vanquished.

Notes
Turn   | Place    | Note
-------+----------+-------------------------------------------
     0 | D:1      | Descartes the Deep Elf Wanderer began the quest for the
                  | Orb.
     0 | D:1      | Descartes set off with the following items: a +2 falchion,
                  | 7 poisoned darts, a +0 dagger, a potion of attraction, a +0
                  | robe; and the following spell memorised: Freeze; and the
                  | following spells available to memorise: Frozen Ramparts.
     0 | D:1      | Reached XP level 1. HP: 12/12 MP: 5/5
    22 | D:1      | Found Qefecw's Weapon Emporium.
   356 | D:1      | Reached XP level 2. HP: 16/16 MP: 2/7
   429 | D:1      | Reached skill level 1 in Conjurations
  1022 | D:1      | Reached XP level 3. HP: 14/20 MP: 5/9
  2374 | D:2      | HP: 1/20 [hobgoblin/puff of flame (9)]
  2965 | D:2      | Found a faded altar of an unknown god.
  3178 | D:3      | Noticed Sigmund
  3397 | D:2      | Killed Sigmund
  3398 | D:2      | Reached XP level 4. HP: 3/25 MP: 3/12
  3398 | D:2      | Reached XP level 5. HP: 4/29 MP: 3/13
  3751 | D:3      | Learned a level 1 spell: Sandblast
  3790 | D:3      | Noticed Grinder
  3793 | D:3      | You fall into a shaft and drop 3 floors!
  3847 | D:6      | Noticed an orc warrior
  3906 | D:6      | Reached skill level 1 in Earth Magic
  3906 | D:6      | Reached XP level 6. HP: 23/34 MP: 8/15
  4091 | D:6      | Learned a level 3 spell: Frozen Ramparts
  4263 | D:6      | Shot with a bolt by an orc warrior

Illustrated notes

Levels and vault maps discovered:
D:1:      evilmike_arrival_crescent, layout_basic, serial_shops,
          nicolae_diamond_shop
D:2:      layout_basic, shapermc_ecumenical_altar_totnotflames,
          minmay_small_reverse_x
D:3:      layout_rooms, grunt_ministairs_12, uniq_sigmund, uniq_jessica,
          uniq_grinder
D:6:      layout_cave_pods, mainiacjoe_overflow_24_doors, grunt_ministairs_13

Skill      XL: |  1  2  3  4  5 |
---------------+----------------+-----
Spellcasting   | 2 4 |  4.9
Conjurations   | 1 3 |  3.7
Ice Magic      | 4 |  4.4
Earth Magic    | 1 |  1.1
Fighting       | |  1.5
Long Blades    | |  1.7
Throwing       | |  3.0

Action                   |  1- 3 |  4- 6 || total
-------------------------+-------+-------++-------
Melee: Falchion          |    22 |     1 ||    23
       Punch             |     1 |       ||     1
 Cast: Freeze            |    79 |    22 ||   101
       Frozen Ramparts   |       |     3 ||     3
  Use: Potion            |       |     1 ||     1
Armor: Robe              |    28 |     5 ||    33
Dodge: Dodged            |    71 |    10 ||    81
